 Dungeon Crawl Stone Soup version 0.21-a0-352-g5b8f553 (webtiles) character file.

8 tidbits the Grave Robber (level 2, 0/11 HPs)
             Began as a Felid Necromancer on Oct 10, 2017.
             Slain by a goblin (2 damage)
             ... on level 1 of the Dungeon.
             The game lasted 00:01:06 (110 turns).

tidbits the Grave Robber (Felid Necromancer)         Turns: 110, Time: 00:01:07

Health: 0/11       AC:  1    Str:  4    XL:     2   Next: 0%
Magic:  6/6        EV: 18    Int: 16    God:
Gold:   8          SH:  0    Dex: 16    Spells: 3/5 levels left
                                        Lives:  0   Deaths: 0

rFire    . . .     SeeInvis +     - Unarmed
rCold    . . .     Gourm    .   (shield unavailable)
rNeg     . . .     Faith    .   (armour unavailable)
rPois    .         Spirit   .   (helmet unavailable)
rElec    .         Reflect  .   (cloak unavailable)
rCorr    .         Harm     .   (gloves unavailable)
MR       .....                  (boots unavailable)
Stlth    +++.......             (no amulet)
HPRegen  0.03/turn              (no ring)
MPRegen  0.10/turn              (no ring)

@: quick
A: no armour, no weapons or thrown items, stealth, claws 1, fangs 3, see
invisible, carnivore 3, speed 1, shaggy fur 1, slow metabolism 1, sharp paws
a: no special abilities


You were on level 1 of the Dungeon.
You were not hungry.

You visited 1 branch of the dungeon, and saw 1 of its levels.

You collected 8 gold pieces.

Inventory:

Potions
 d - a potion of curing {unknown}
Books
 a - a book of Necromancy

   Spells                             Type                      Level
   a - Pain                           Necromancy                   1
   b - Animate Skeleton               Necromancy                   1
   c - Vampiric Draining              Necromancy                   3
   d - Regeneration                   Charms/Necromancy            3
   e - Animate Dead                   Necromancy                   4
   f - Control Undead                 Necromancy                   4
Comestibles
 b - a meat ration
 c - 4 chunks of flesh


   Skills:
 - Level 2.7 Dodging
 - Level 2.7 Stealth
 + Level 1.5 Unarmed Combat
 - Level 2.0 Spellcasting
 - Level 4.0 Necromancy


You had 3 spell levels left.
You knew the following spells:

 Your Spells              Type           Power        Failure   Level  Hunger
a - Pain                  Necr           ##..         4%          1    #......
n - Animate Skeleton      Necr           N/A          4%          1    #......


Dungeon Overview and Level Annotations

Branches:
Dungeon (1/15)

Altars:


Innate Abilities, Weirdness & Mutations

You cannot wear armour.
You are incapable of wielding weapons or throwing items.
Your paws allow you to move quietly. (Stealth)
You have sharp claws.
You have razor-sharp teeth.
You have supernaturally acute eyesight. (SInv)
You are carnivorous and can eat meat at any time.
You cover ground quickly.
You are covered in fur. (AC +1)
You have a slow metabolism.
Your sharp claws are effective at attacking unaware monsters.


Message History

c - 4 chunks of flesh (gained 1)
You swap places.
The kobold shouts!
You scratch the kobold but do no damage.
Your goblin skeleton barely misses the kobold.
The kobold barely misses you.
You scratch the kobold but do no damage.
Your goblin skeleton hits the kobold with a dagger.
The kobold closely misses you.
A rat comes into view.
You miss the kobold.
The kobold is moderately wounded.
The kobold barely misses you.
Your goblin skeleton misses the kobold.
Your frilled lizard skeleton bites the kobold but does no damage.
A kobold comes into view. It is wielding a dagger.
You scratch the kobold. Your bite misses the kobold.
The kobold is severely wounded.
The kobold hits you with a dagger.
Your goblin skeleton barely misses the kobold.
You closely miss the kobold. Your bite misses the kobold.
The kobold is severely wounded.
Your frilled lizard skeleton bites the kobold but does no damage.
The kobold misses you.
You scratch the kobold but do no damage.
The kobold is severely wounded.
Your goblin skeleton hits the kobold but does no damage.
Your frilled lizard skeleton bites the kobold.
The kobold dies!
The kobold throws a stone.
The stone barely misses you.
The rat bites your frilled lizard skeleton.
Your frilled lizard skeleton bites the rat.
Your goblin skeleton hits the rat but does no damage.
The rat closely misses your frilled lizard skeleton.
You closely miss the kobold. Your bite misses the kobold.
Your frilled lizard skeleton barely misses the rat.
Your goblin skeleton barely misses the rat.
The kobold misses you.
The rat bites your frilled lizard skeleton.
You miss the kobold. The kobold closely misses you.
Your frilled lizard skeleton barely misses the rat.
Your goblin skeleton barely misses the rat.
You scratch the kobold.
You kill the kobold!
Your Unarmed Combat skill increases to level 1!
The rat misses you.
You scratch the rat.
The rat is severely wounded.
The rat barely misses you.
You barely miss the rat.
The rat is severely wounded.
Your frilled lizard skeleton bites the rat.
The rat dies!
You swap places.
d - a blue potion
Found 8 gold pieces.
Found a club.
You now have 8 gold pieces.
A kobold comes into view.
A goblin comes into view. It is wielding a dagger.
The kobold throws a stone.
The stone closely misses you.
The kobold throws a stone.
The stone closely misses you.
You see here a stone.
A goblin comes into view.
The kobold throws a stone.
The stone hits you.
* * * LOW HITPOINT WARNING * * *
You see here a stone.
A rat and a giant cockroach come into view.
The goblin shouts! x2
The kobold throws a stone.
The stone misses you.
Found a stone.
You see here a stone.
You swap places.
The giant cockroach bites your frilled lizard skeleton.
Your frilled lizard skeleton is destroyed!
Your goblin skeleton misses the kobold.
You see here a stone.
You scratch the kobold.
You kill the kobold!
The giant cockroach closely misses you.
Your goblin skeleton closely misses the giant cockroach.
You scratch the giant cockroach but do no damage.
The goblin hits your goblin skeleton. The giant cockroach barely misses you.
Your goblin skeleton hits the giant cockroach with a dagger.
You scratch the giant cockroach.
You bite the giant cockroach, but do no damage.
The giant cockroach is moderately wounded.
The giant cockroach bites you.
* * * LOW HITPOINT WARNING * * *
The goblin barely misses your goblin skeleton.
Your goblin skeleton hits the giant cockroach with a dagger.
The goblin barely misses your goblin skeleton.
You scratch the giant cockroach but do no damage.
You claw the giant cockroach.
You kill the giant cockroach!
You have reached level 2!
The goblin hits your goblin skeleton with a dagger.
You scratch the goblin.
The goblin is heavily wounded.
Your goblin skeleton misses the goblin.
The goblin hits you.
You die...

#. ..........###....#.#...
.....................#...
.....#......##....# #...
#.#..#......##....###...
##.#..#......##......†...
####.....##.................
........)...................
#.......Z.(..........))...
#....#rgg@................
#.....###+#.####...#...(..
#...........# #...#.#####
#.###.......# #.....# # #
#.......# #..###. #.......#
#..# .# ...(..... .... .
#.......# .....r..#


You could see 2 goblins, a rat and a friendly goblin skeleton.

Vanquished Creatures
  A giant cockroach (D:1)
  2 kobolds (D:1)
  A frilled lizard (D:1)
  A goblin (D:1)
  A rat (D:1)
6 creatures vanquished.

Vanquished Creatures (collateral kills)
  A kobold (D:1)
  A rat (D:1)
2 creatures vanquished.

Grand Total: 8 creatures vanquished

Notes
Turn   | Place    | Note
-------+----------+-------------------------------------------
     0 | D:1      | tidbits the Felid Necromancer began the quest for the Orb.
     0 | D:1      | Reached XP level 1. HP: 7/7 MP: 4/4
    53 | D:1      | Learned a level 1 spell: Animate Skeleton
    80 | D:1      | Reached skill level 1 in Unarmed Combat
   109 | D:1      | Reached XP level 2. HP: 2/11 MP: 6/6
   110 | D:1      | Slain by a goblin

Vault maps used:
D:1:      dpeg_arrival_signposts, ashenzari_altar_1

Skill      XL: |  1 |
---------------+----+-----
Unarmed Combat | 1 |  1.5
Dodging        | |  2.7
Stealth        | |  2.7
Spellcasting   | |  2.0
Necromancy     | |  4.0

Action                   || total
-------------------------++-------
Melee: Unarmed           ||    29
       Bite              ||     2
       Punch             ||     1
 Cast: Animate Skeleton  ||     2
Armor: Skin              ||     1
Dodge: Dodged            ||    21

Table legend:
 A = Spawn XP
 B = Non-spawn XP
 C = Spawn XP percentage of total XP
 D = Spawn monster count
 E = Non-spawn monster count
 F = Spawn count percentage of total count
 G = Total turns spent on level
                    A         B        C        D         E        F      G
               +---------+---------+-------+---------+---------+-------+---------
         Total |       0 |      12 |   0.0 |       0 |       8 |   0.0 |   110
               +---------+---------+-------+---------+---------+-------+---------
           D:1 |       0 |      12 |   0.0 |       0 |       8 |   0.0 |   110
               +---------+---------+-------+---------+---------+-------+---------

Table legend:
 A = Turns spent in this place as a percentage of turns spent in the entire game.
 B = Non-inter-level travel turns spent in this place as a percentage of non-inter-level travel turns spent in the entire game.
 C = Inter-level travel turns spent in this place as a percentage of turns spent in this place.
 D = Turns resting spent in this place as a percentage of non-inter-level travel turns spent in this place.
 E = Turns spent auto-exploring this place as a percentage of non-inter-level travel turns spent in this place.
 F = Non-inter-level travel turns spent in this place divided by the number of levels of this place that you've seen.
                   A       B       C       D       E      F
               +-------+-------+-------+-------+-------+----------------------
         Total | 100.0 | 100.0 |   0.0 |   0.0 |   0.0 | 110.0
       Dungeon | 100.0 | 100.0 |   0.0 |   0.0 |   0.0 | 110.0
               +-------+-------+-------+-------+-------+----------------------

Table legend:
 A = Kills in this place as a percentage of kills in entire the game.
 B = Kills by you in this place as a percentage of kills by you in the entire game.
 C = Kills by friends in this place as a percentage of kills by friends in the entire game.
 D = Other kills in this place as a percentage of other kills in the entire game.
 E = Experience gained in this place as a percentage of experience gained in the entire game.
 F = Experience gained in this place divided by the number of levels of this place that you have seen.
                   A       B       C       D       E      F
               +-------+-------+-------+-------+-------+----------------------
         Total | 100.0 | 100.0 | 100.0 |   N/A | 100.0 |  12.0
       Dungeon | 100.0 | 100.0 | 100.0 |   N/A | 100.0 |  12.0
               +-------+-------+-------+-------+-------+----------------------

Vault maps used:
D:1:      dpeg_arrival_signposts, ashenzari_altar_1
